Map: Abyssal Reef LE

Players

SpeziGer

  • Race: Terran Terran
  • League: Silver
  • Spawn Location: 5:00

Aizo - Winner!

  • Race: Terran Terran
  • League: Silver
  • Spawn Location: 11:00

VOD

Have the link to the VOD?

Description

Time

  • Played on: Oct. 9, 2017, 12:23 p.m.
  • Length: 4:01
Show
View Real Time Build Order
Export as new Build Order

SpeziGer Terran 

Build Orders:  

Get SALT Encoding   

  12  0:00  SCV  
  13  0:17  Supply Depot  
  13  0:18  SCV  
  14  0:30  SCV  
  15  0:46  SCV, Barracks  
  15  0:49  Refinery  
  16  0:58  SCV  
  16  1:03  Supply Depot  
  17  1:10  SCV  
  18  1:22  SCV  
  19  1:31  Barracks  
  19  1:34  SCV  
  20  1:40  Refinery  
  20  1:41  Marine  
  21  1:47  Orbital Command  
  21  1:57  Factory  
  21  2:00  Marine  
  22  2:13  SCV  
  23  2:18  Marine  
  23  2:19  Barracks Tech Lab  
  24  2:25  SCV  
  23  2:36  Marine  
  22  2:51  Marine  
  22  2:57  Marine  
  22  3:09  Marine  
  19  3:14  Marine  
  14  3:27  Marine  
  14  3:32  Marine  
Show
View Real Time Build Order
Export as new Build Order

Aizo Terran - Winner!

Build Orders:  

Get SALT Encoding   

  12  0:12  Supply Depot  
  12  0:45  Barracks  
  12  0:54  Barracks  
  12  1:11  Barracks  
  12  1:32  Marine  
  13  1:42  Marine  
  14  1:50  Marine  
  15  1:58  Marine  
  15  2:00  Marine  
  17  2:08  Marine  
  18  2:16  Marine  
  18  2:18  Marine  
  20  2:26  Marine  
  20  2:34  Marine  
  20  2:36  Marine  
  22  2:44  Marine  
  23  3:07  Marine  
  23  3:16  Bunker  
  23  3:32  Marine  
  23  3:38  Marine  
  23  3:54  Supply Depot  
Tags
 
Matchup
TvT
Race
Terran
Spawn Locations
Cross Positions
Add a new tag
Caveats
  • Supply blocks, unpowered buildings, or Contaminate may cause inaccurate times.
  • Supply counts are checked every 10 seconds.